Map: Catalyst LE

Players

OVERLORD - Winner!

  • Race: Terran Terran
  • League: Silver
  • Spawn Location: 11:00

Tougheezus

  • Race: Terran Terran
  • League: Silver
  • Spawn Location: 5:00

VOD

Have the link to the VOD?

Description

Time

  • Played on: July 3, 2018, 6:59 p.m.
  • Length: 7:23
Show
View Real Time Build Order
Export as new Build Order

OVERLORD Terran - Winner!

Build Orders: Reaper Expand 

Get SALT Encoding   

  12  0:01  SCV  
  13  0:16  Supply Depot  
  13  0:17  SCV  
  14  0:29  SCV  
  15  0:43  SCV  
  15  0:46  Barracks  
  15  0:48  Refinery  
  17  0:57  SCV  
  17  1:09  SCV  
  18  1:21  SCV  
  19  1:34  Reaper  
  19  1:35  Orbital Command  
  20  1:50  Command Center  
  20  2:02  SCV  
  20  2:05  Refinery  
  21  2:11  Barracks Reactor  
  21  2:13  Barracks  
  21  2:25  Refinery  
  21  2:26  Supply Depot  
  21  2:31  SCV  
  22  2:48  Marine x2  
  22  2:50  SCV  
  24  3:02  Orbital Command, SCV  
  24  3:05  Barracks Tech Lab  
  25  3:08  Factory  
  25  3:09  Marine  
  25  3:12  Marine  
  27  3:14  SCV  
  28  3:24  Marine  
  28  3:26  SCV  
  30  3:27  Marine  
  30  3:30  Marine  
  30  3:32  Stimpack  
  32  3:38  SCV  
  33  3:42  Marine  
  33  3:45  Marine  
  35  3:55  Factory Reactor, Starport  
  35  3:58  Marine  
  35  4:00  Marine  
  37  4:02  Marine  
  37  4:08  SCV  
  39  4:12  SCV  
  39  4:16  Marine  
  41  4:20  SCV  
  42  4:25  SCV  
  42  4:26  Marine x2  
  45  4:32  SCV  
  45  4:33  Supply Depot  
  46  4:42  SCV  
  46  4:44  SCV  
  48  4:48  Marine x3  
  48  4:51  Medivac  
  53  4:53  Factory Tech Lab  
  53  4:54  Medivac, SCV  
  53  4:56  SCV  
  57  5:02  Supply Depot  
  57  5:06  Marine x2  
  59  5:08  Armory, SCV  
  60  5:16  Engineering Bay x2  
  60  5:20  SCV  
  61  5:27  Medivac x2  
  61  5:28  Marine x3  
  68  5:46  Marine x2  
  70  5:59  Supply Depot  
  70  6:10  Supply Depot  
  70  6:16  Refinery  
  70  6:19  Refinery  
  70  6:20  Marine x2  
  70  6:22  Supply Depot  
  71  6:38  Marine  
  62  6:56  Marine  
Show
View Real Time Build Order
Export as new Build Order

Tougheezus Terran 

Build Orders:  

Get SALT Encoding   

  12  0:01  SCV  
  13  0:20  Supply Depot  
  13  0:44  SCV  
  14  0:54  Barracks  
  14  0:56  SCV  
  15  1:12  Engineering Bay  
  15  1:21  SCV  
  15  1:22  Barracks  
  16  1:33  SCV  
  17  1:41  Supply Depot  
  17  1:43  Marine  
  17  1:45  SCV  
  19  2:00  SCV  
  20  2:01  Marine  
  21  2:14  Barracks  
  21  3:17  Command Center  
  21  3:19  Barracks  
  21  3:23  Barracks  
  21  3:28  Barracks  
  21  3:34  Marine  
  21  3:35  Marine x2  
  24  3:52  Marine x2  
  24  3:53  Marine  
  27  4:10  Marine x2  
  27  4:11  Marine  
  30  4:28  Marine x3  
  33  4:31  SCV  
  34  4:42  SCV  
  36  4:46  Marine x3  
  36  4:49  Orbital Command  
  38  5:04  Marine x3  
  41  5:21  Marine x4  
  43  5:22  Marine  
  46  5:28  Supply Depot  
  46  5:31  Supply Depot  
  46  5:34  Supply Depot  
  46  5:37  Supply Depot  
  46  5:49  Orbital Command  
  46  5:50  SCV, Marine x6  
  53  6:02  SCV  
  54  6:07  Marine x6  
  60  6:14  SCV  
  61  6:25  Marine x6  
  67  6:40  Command Center  
  67  6:43  Marine x2  
  40  7:01  Marine x2  
  40  7:02  Marine x3  
Tags
 
Matchup
TvT
Race
Terran
Spawn Locations
Cross Positions
Add a new tag
Caveats
  • Supply blocks, unpowered buildings, or Contaminate may cause inaccurate times.
  • Supply counts are checked every 10 seconds.